 Dungeon Crawl Stone Soup version 0.28.0 (webtiles) character file.

Game seed: 11201686157283439202

241597 KamiKatze the Peltast (level 19, -16/177 HPs)
             Began as a Minotaur Monk on Feb 15, 2022.
             Was a High Priest of Okawaru.
             Demolished by a vault warden (41 damage)
             ... in the Arena on Feb 16, 2022.
             The game lasted 03:48:00 (47494 turns).

KamiKatze the Peltast (Minotaur Monk)              Turns: 47494, Time: 03:48:01

Health: -16/177    AC: 25    Str: 23    XL:     19   Next: 7%
Magic:  39/46      EV: 17    Int:  7    God:    Okawaru [*****.]
Gold:   1865       SH: 15    Dex: 14    Spells: 16/18 levels left

rFire   + + .      SeeInvis +   a - +8 broad axe of Buehuovo {venom, rF+}
rCold   + + .      Faith    .   K - +1 kite shield {reflect}
rNeg    . . .      Spirit   .   L - +1 plate armour of Zaoriger {rPois rC+ MP+9 Stlth+}
rPois   +          Reflect  +   (helmet restricted)
rElec   +          Harm     .   R - scarf {rC+ rF+}
rCorr   +          Rampage  .   P - +3 pair of gloves "Sadghiez" {*Slow rElec rCorr SInv}
Will    ++...                   k - +0 pair of boots
Stlth   ..........              Y - amulet "Ahats" {RegenMP Regen+ MP+9 Stlth+}
HPRegen 1.19/turn               b - ring of willpower
MPRegen 0.70/turn               I - +4 ring of evasion

@: marked, duelling
A: horns 2, retaliatory headbutt
}: 1/15 runes: serpentine
a: Renounce Religion, Heroism, Finesse, Duel


You were in the Arena.
You worshipped Okawaru.
Okawaru was extremely pleased with you.
You visited 6 branches of the dungeon, and saw 30 of its levels.
You also visited: Ossuary, Gauntlet, Ice Cave and Volcano.

You collected 3156 gold pieces.
You spent 1291 gold pieces at shops.

Inventory:

Hand Weapons
 a - the +8 broad axe of Buehuovo (weapon) {venom, rF+}
   (Okawaru gifted it to you on level 1 of the Lair of Beasts)

   It poisons the flesh of those it strikes.
   rF:        It protects you from fire.
 q - a +1 hand crossbow of freezing
 w - a +0 broad axe of flaming
 W - a +0 morningstar of holy wrath
Missiles
 c - 3 atropa-tipped darts
 v - 2 throwing nets
 y - 1065 bolts
 z - 42 poisoned darts (quivered)
 T - 6 curare-tipped darts
Armour
 k - a +0 pair of boots (worn)
 l - a +1 pair of gloves
 K - a +1 kite shield of reflection (worn)
 L - the +1 plate armour of Zaoriger (worn) {rPois rC+ MP+9 Stlth+}
   (You took it off a minotaur in a Gauntlet)

   rC:        It protects you from cold.
   rPois:     It protects you from poison.
   MP:        It affects your magic capacity (+9).
   Stlth:     It makes you more stealthy.
 P - the +3 pair of gloves "Sadghiez" (worn) {*Slow rElec rCorr SInv}
   (Okawaru gifted it to you on level 2 of the Snake Pit)

   rElec:     It insulates you from electricity.
   SInv:      It lets you see invisible.
   rCorr:     It protects you from acid and corrosion.
   *Slow:     It may slow you when you take damage.
 R - a scarf of resistance (worn)
Jewellery
 b - a ring of willpower (left hand)
 t - a ring of protection from fire
 x - a ring of resist corrosion
 F - a ring of protection from cold
 I - a +4 ring of evasion (right hand)
 Y - the amulet "Ahats" (around neck) {RegenMP Regen+ MP+9 Stlth+}
   (You acquired it on level 3 of the Lair of Beasts)

   [amulet of magic regeneration]

   It increases your rate of magic regeneration.
   MP:        It affects your magic capacity (+9).
   Regen:     It increases your rate of health regeneration.
   Stlth:     It makes you more stealthy.
Wands
 o - a wand of polymorph (30)
 p - a wand of flame (47)
 u - a wand of iceblast (43)
 M - a wand of acid (23)
 U - a wand of digging (16)
 Z - a wand of paralysis (11)
Scrolls
 f - 2 scrolls of magic mapping
 m - 3 scrolls of silence
 n - 7 scrolls of blinking
 B - 17 scrolls of teleportation
 C - 4 scrolls of fog
 N - a scroll of fear
 Q - 2 scrolls of holy word
Potions
 d - 6 potions of might
 e - 7 potions of curing
 g - 6 potions of attraction
 j - 5 potions of magic
 r - 3 potions of lignification
 s - 2 potions of flight
 A - a potion of ambrosia
 D - a potion of invisibility
 E - 6 potions of haste
 O - a potion of berserk rage
 V - 4 potions of resistance
Miscellaneous
 G - a condenser vane
 J - a tin of tremorstones (2/2)


   Skills:
 + Level 17.2 Fighting
 - Level 18.0 Axes
 - Level 4.4 Crossbows
 + Level 16.5 Armour
 + Level 16.0 Dodging
 - Level 1.5 Stealth
 + Level 18.4 Shields
 + Level 14.1 Invocations
 - Level 3.4 Evocations


You had 16 spell levels left.
You knew the following spells:

 Your Spells              Type           Power      Damage    Failure   Level
a - Passwall              Tmut/Erth      0%         N/A       100%        2

Your spell library contained the following spells:

 Spells                   Type           Power      Damage    Failure   Level
 Sandblast                Erth           0%         2d4       99%         1
 Shock                    Conj/Air       0%         1d3       99%         1
 Slow                     Hex            0%         N/A       99%         1
 Sting                    Tmut/Pois      0%         1d3       99%         1
 Corpse Rot               Necr/Air       0%         N/A       100%        2
 Sublimation of Blood     Necr           0%         N/A       100%        2
 Wereblood                Tmut           0%         N/A       100%        2
 Confusing Touch          Hex            0%         N/A       100%        3
 Ignite Poison            Fire/Tmut/Pois 0%         N/A       100%        3
 Mephitic Cloud           Conj/Pois/Air  0%         N/A       100%        3
 Portal Projectile        Hex/Tloc       0%         N/A       100%        3
 Stone Arrow              Conj/Erth      0%         3d7       100%        3
 Swiftness                Air            0%         N/A       100%        3
 Vampiric Draining        Necr           0%         2d6       100%        3
 Airstrike                Air            0%         N/A       100%        4
 Dispel Undead            Necr           0%         3d6       100%        4
 Hailstorm                Conj/Ice       0%         3d3       100%        4
 Ice Form                 Ice/Tmut       0%         N/A       100%        4
 Leda's Liquefaction      Hex/Erth       0%         N/A       100%        4
 Petrify                  Tmut/Erth      0%         N/A       100%        4
 Blade Hands              Tmut           0%         N/A       100%        5
 Excruciating Wounds      Necr           0%         N/A       100%        5
 Freezing Cloud           Conj/Ice/Air   0%         6-21      100%        5
 Irradiate                Conj/Tmut      0%         3d13      100%        5
 Yara's Violent Unravell  Hex/Tmut       0%         3d3       100%        5
 Eringya's Noxious Bog    Tmut/Pois      0%         N/A       100%        6
 Iron Shot                Conj/Erth      0%         9d1       100%        6
 Statue Form              Tmut/Erth      0%         N/A       100%        6
 Dragon Form              Tmut           0%         N/A       100%        7
 Orb of Destruction       Conj           0%         9d5       100%        7
 Call Canine Familiar     Summ           Unusable   N/A       N/A         3
 Summon Guardian Golem    Hex/Summ       Unusable   N/A       N/A         3
 Animate Armour           Summ/Erth      Unusable   N/A       N/A         4
 Summon Forest            Summ/Tloc      Unusable   N/A       N/A         5
 Death Channel            Necr           Unusable   N/A       N/A         6
 Simulacrum               Ice/Necr       Unusable   N/A       N/A         6
 Spellforged Servitor     Conj/Summ      Unusable   N/A       N/A         7
 Summon Hydra             Summ           Unusable   N/A       N/A         7

Dungeon Overview and Level Annotations

Branches:
Dungeon (15/15)            Temple (1/1) D:4            Lair (6/6) D:11
  Swamp (0/4) Lair:3        Snake (4/4) Lair:4        Slime (0/5) Lair:6
    Orc (2/2) D:12            Elf (0/3) Orc:2        Vaults (2/5) D:14
 Depths (0/4) D:15        Ossuary (visited)           IceCv (visited)
Volcano (visited)         Gauntlet (visited)
  Crypt: Vaults:2-3

Altars:
Ashenzari
Cheibriados
Dithmenos
Elyvilon
Fedhas
Gozag
Hepliaklqana
Kikubaaqudgha
Makhleb
Nemelex Xobeh
Okawaru
Qazlal
Ru
Sif Muna
Trog
Uskayaw
Vehumet
Wu Jian
Xom
Yredelemnul
Zin
The Shining One

Shops:
D:4 *   D:6 *   D:9 !   D:11 (   Orc:2 *[[=   Snake:1 =::*   Snake:2 *[
Snake:3 *   Vaults:1 *

Annotations:
D:14 1 runed translucent door, exclusion: orange crystal statue


Innate Abilities, Weirdness & Mutations

You have a pair of horns on your head.
You reflexively headbutt those who attack you in melee.


Message History

The vault warden is severely wounded.
You slash the tengu reaver!
The tengu reaver looks as sick as possible!
You slash the ironbound convoker!
You kill the ironbound convoker!
Okawaru accepts your kill.
The vault warden hits you with a +2 great mace!
You block the tengu reaver's attack. x2
The tengu reaver claws you but does no damage.
The vault warden hits you with a +2 great mace!!!
* * * LOW HITPOINT WARNING * * *
You block the tengu reaver's attack.
The tengu reaver pecks you but does no damage.
You block the tengu reaver's attack.
Things that are here:
a +0 great mace; a +0 ring mail of willpower You hit the tengu reaver.
The tengu reaver looks as sick as possible!
Your headbutt misses the tengu reaver.
The tengu reaver is heavily wounded.
You hit the vault warden.
The vault warden looks as sick as possible!
The vault warden hits you with a +2 great mace!!
* * * LOW HITPOINT WARNING * * *
The tengu reaver points at you and mumbles some strange words.
The bolt of fire hits you!! You resist.
* * * LOW HITPOINT WARNING * * *
Unknown command.
Okay, then.
Okay, then.
Aiming: Duel (1% risk of failure)
Press: ? - help, Dir - move target, f - vault warden
Aim: a vault warden, wielding a +2 great mace and wearing a +0 plate armour (severely wounded, strong, extremely poisoned)
You enter into single combat with the vault warden!
The world spins around you as you enter the gateway.
You enter Okawaru's Arena!
The spectator shouts! x10
The vault warden hits you with a +2 great mace!!!
You die...
Okawaru crowns the vault warden victorious!

###########
#.p.▓p▓.p.# ##
▓▓▓▓▓▓▓▓▓ ##
#.▓ ....... ▓.#
#p▓.#.....#.▓p#
#.▓.........▓.#
#▓▓.....p...▓▓#
#p▓....@....▓∩#
#▓▓.........▓▓#
#.▓.........▓.#
#p▓.#.....#.▓p#
#.▓ ....... ▓.#
## ▓▓▓▓▓▓▓▓▓ ##
#.p.▓p▓.p.#
###########


You could see a vault warden (strong, extremely poisoned).

Vanquished Creatures
  Vashnia (Arena)
  Saint Roka (Vaults:1)
  Mlioglotl (Arena)
  Asterion (Arena)
  3 sphinxes
  Kirke (D:14)
  Roxanne (Snake:3)
  A nagaraja (Snake:2)
  An orc warlord (D:12)
  A vault warden (Vaults:2)
  8 ironbound preservers
  3 ironbound thunderhulks
  6 very ugly things (Vaults:1)
  7 dire elephants
  A minotaur (Gauntlet)
  A red draconian (Volcano)
  2 great orbs of eyes
  A yaktaur captain (Vaults:1)
  Harold (D:7)
  2 vault guards (Vaults:2)
  2 spriggan zombies (D:15)
  8 hydras
  Fannar (D:11)
  5 boulder beetles
  11 naga warriors
  3 ironbound frosthearts (Vaults:2)
  3 catoblepae
  An ogre mage (Vaults:1)
  3 salamander tyrants
  4 centaur warriors
  A death scarab (Gauntlet)
  19 anacondas
  A deep troll shaman (Lair:6)
  9 two-headed ogres
  19 death yaks
  21 naga sharpshooters
  11 shock serpents
  3 tengu warriors (D:15)
  Sonja (Lair:5)
  6 skeletal warriors
  9 salamander mystics
  A spectral death yak (Gauntlet)
  33 deep trolls
  A flayed ghost (D:15)
  2 naga ritualists
  6 wizards
  6 lindwurms
  6 orc knights
  An iron dragon zombie (D:15)
  5 necromancers
  3 oklob plants (Lair:6)
  2 deep elf pyromancers
  9 mana vipers
  4 ironbound convokers
  22 ugly things
  3 orc sorcerers
  3 harpies (Vaults:1)
  26 slime creatures
  2 wolf spiders (D:15)
  37 salamanders
  19 elephants
  4 manticores
  Joseph (D:10)
  5 cyclopes
  9 naga magi
  34 black mambas
  9 guardian serpents
  2 unseen horrors
  6 vault sentinels
  4 torpor snails (Lair:3)
  An eye of devastation (Gauntlet)
  14 cane toads
  9 komodo dragons
  A kobold demonologist (D:9)
  A yaktaur (shapeshifter) (D:10)
  Maggie (D:8)
  8 rime drakes
  6 yaktaurs
  An efreet (D:9)
  5 trolls
  8 polar bears
  A wolf spider simulacrum (D:10)
  32 blink frogs
  A hornet (D:11)
  A centaur simulacrum (D:10)
  Sigmund (D:2)
  A vampire (D:12)
  A wraith (D:6)
  5 fire bats
  4 wyverns
  4 basilisks
  2 humans (D:14)
  40 yaks
  4 hogs (D:14)
  11 vampire mosquitoes
  Grum (D:8)
  A golden eye (Gauntlet)
  A steam dragon (D:6)
  3 swamp worms (Lair:3)
  Edmund (D:4)
  36 nagas
  2 wargs
  A tengu zombie (D:15)
  A hell hound (Lair:1)
  18 water moccasins
  A sky beast (D:6)
  An ice beast (D:8)
  46 orc warriors
  6 black bears
  The ghost of Terracrafty the Chopper, an amateur HOFi (D:4)
  20 wolves
  6 ogres
  24 centaurs
  3 phantoms
  5 kobold brigands
  10 bullfrogs
  4 scorpions
  A water moccasin zombie (D:5)
  2 water moccasin skeletons
  23 killer bees
  8 wights
  6 howler monkeys
  5 electric eels
  11 centaur zombies
  A bullfrog zombie (D:5)
  A hound (D:7)
  A jelly (D:5)
  15 orc priests
  A gnoll shaman (D:3)
  A bullfrog skeleton (D:4)
  2 iguanas
  30 orc wizards
  A hound zombie (D:4)
  6 mummies (Ossuary)
  A howler monkey zombie (D:10)
  4 gnolls
  5 adders
  2 naga simulacra (IceCv)
  3 ufetubi
  An adder skeleton (D:4)
  A worm (D:2)
  3 dart slugs
  79 orcs
  2 bat zombies (D:4)
  6 endoplasms
  A giant cockroach (D:2)
  3 goblins
  6 hobgoblins
  6 jackals
  6 quokkas
  10 ball pythons
  6 bats
  6 frilled lizards
  2 goblin zombies (D:5)
  2 hobgoblin zombies (Ossuary)
  38 kobolds
  4 rats
1117 creatures vanquished.

Vanquished Creatures (others)
  Nessos (Lair:4)
  A centaur zombie (D:9)
  A bush (Lair:6)
  46 fungi
  116 plants
  9 withered plants
174 creatures vanquished.

Grand Total: 1291 creatures vanquished

Notes
Turn   | Place    | Note
-------+----------+-------------------------------------------
     0 | D:1      | KamiKatze the Minotaur Monk began the quest for the Orb.
     0 | D:1      | Reached XP level 1. HP: 19/19 MP: 0/0
   127 | D:1      | Reached XP level 2. HP: 6/27 MP: 1/1
   730 | D:1      | Reached XP level 3. HP: 32/33 MP: 2/2
   994 | D:2      | Found a faded altar of an unknown god.
  1021 | D:2      | Noticed Sigmund
  1711 | D:3      | Reached skill level 5 in Axes
  1719 | D:3      | Reached XP level 4. HP: 38/40 MP: 3/3
  1894 | D:3      | Found a stormy altar of Qazlal.
  1916 | D:3      | Noticed a scorpion
  2244 | D:3      | Killed a scorpion
  2245 | D:3      | Reached XP level 5. HP: 6/47 MP: 2/4
  2800 | D:3      | Found an iron altar of Okawaru.
  2809 | D:3      | Became a worshipper of Warmaster Okawaru
  2809 | D:3      | Reached * piety under Okawaru
  2809 | D:3      | Reached ** piety under Okawaru
  2901 | D:3      | Identified the +5 ring mail of Leaves {rC+ Will+++ Str-3
                  | Int+5}
  3072 | D:4      | Noticed Edmund
  3129 | D:4      | Found a runed translucent gate.
  3129 | D:4      | Found a runed translucent gate.
  3129 | D:4      | Found a runed translucent gate.
  3131 | D:4      | Found an opulent altar of Gozag.
  3134 | D:4      | Noticed Terracrafty's ghost (amateur HOFi)
  3301 | D:4      | Reached skill level 5 in Fighting
  3301 | D:4      | Reached skill level 1 in Invocations
  3301 | D:4      | Reached XP level 6. HP: 52/56 MP: 3/5
  3448 | D:4      | Found a staircase to the Ecumenical Temple.
  3458 | Temple   | Entered the Ecumenical Temple
  4052 | D:4      | Found an ancient bone altar of Kikubaaqudgha.
  4133 | D:3      | Reached skill level 1 in Armour
  4359 | D:4      | Killed Edmund
  4360 | D:4      | Reached skill level 5 in Dodging
  4360 | D:4      | Reached skill level 1 in Evocations
  4360 | D:4      | Reached XP level 7. HP: 52/61 MP: 4/7
  4421 | D:4      | Found Hykhlaj's Lightly-Used Armoury.
  4590 | D:5      | Entered Level 5 of the Dungeon
  4681 | D:5      | Reached *** piety under Okawaru
  4999 | D:5      | Found a sand-covered staircase.
  5012 | Ossuary  | Entered an ossuary
  5041 | Ossuary  | Reached XP level 8. HP: 24/70 MP: 2/9
  6287 | D:2      | Killed Sigmund
  6625 | D:5      | Found a hide-covered altar of Uskayaw.
  6707 | D:5      | Learned a level 2 spell: Passwall
  6800 | D:6      | Reached **** piety under Okawaru
  7076 | D:6      | Found Oloekh's Elemental Accessories.
  7140 | D:6      | Reached XP level 9. HP: 56/78 MP: 7/11
  7756 | D:6      | Reached skill level 5 in Armour
  9249 | D:7      | Reached skill level 10 in Axes
  9290 | D:7      | Noticed Harold
  9318 | D:7      | Killed Harold
 10008 | D:8      | Reached skill level 5 in Invocations
 10182 | D:8      | Reached XP level 10. HP: 83/88 MP: 10/12
 10320 | D:8      | Noticed Grum
 10493 | D:8      | Killed Grum
 10647 | D:8      | Noticed Maggie
 10726 | D:8      | Killed Maggie
 11373 | D:9      | Found a broken altar of Ashenzari.
 11532 | D:9      | Found a bloodstained altar of Trog.
 11532 | D:9      | Found a white marble altar of Elyvilon.
 11776 | D:9      | Found Watine's Distillery.
 12130 | D:9      | Identified the +7 whip of the Hierophant {protect, Will++
                  | Str+4}
 12429 | D:10     | Entered Level 10 of the Dungeon
 12494 | D:10     | Reached ***** piety under Okawaru
 12494 | D:10     | Received a gift from Okawaru
 12495 | D:10     | Reached XP level 11. HP: 56/97 MP: 14/14
 12572 | D:10     | Noticed Joseph
 12582 | D:10     | Killed Joseph
 12848 | D:10     | Identified the +5 scale mail of the Bull {Dex+5}
 13265 | D:10     | Noticed a two-headed ogre
 13282 | D:10     | Killed a two-headed ogre
 13336 | D:10     | Found a runed translucent door.
 13336 | D:10     | Noticed a necromancer
 13337 | D:10     | Noticed a boulder beetle
 13467 | D:10     | Noticed a seven-headed hydra
 13477 | D:10     | Killed a four-headed hydra
 13588 | D:10     | Noticed a six-headed hydra
 13618 | D:10     | Killed a one-headed hydra
 13780 | D:11     | Reached skill level 1 in Crossbows
 13788 | D:11     | Found a frozen archway.
 13799 | IceCv    | Entered an ice cave
 14222 | D:11     | Found Ikhlyole's Weapon Shoppe.
 14783 | D:11     | Noticed a five-headed hydra
 14809 | D:11     | Killed a one-headed hydra
 14809 | D:11     | Identified the +7 broad axe "Udoifile" {vorpal, *Rage Str+5
                  | Dex+3} (Okawaru gifted it to you on level 11 of the
                  | Dungeon)
 14809 | D:11     | Received a gift from Okawaru
 14851 | D:11     | Found a staircase to the Lair.
 15211 | D:11     | Reached skill level 10 in Fighting
 15308 | D:11     | Noticed Fannar
 15519 | D:11     | Killed Fannar
 16066 | D:11     | Reached XP level 12. HP: 70/106 MP: 14/16
 16392 | Lair:1   | Entered Level 1 of the Lair of Beasts
 16486 | Lair:1   | Identified the +8 broad axe of Buehuovo {venom, rF+}
                  | (Okawaru gifted it to you on level 1 of the Lair of Beasts)
 16486 | Lair:1   | Received a gift from Okawaru
 16522 | Lair:1   | Found a transporter.
 16622 | Lair:1   | Found a transporter.
 17236 | Lair:2   | Reached skill level 10 in Dodging
 17262 | Lair:2   | Received a gift from Okawaru
 17402 | Lair:2   | Reached skill level 15 in Axes
 17548 | Lair:2   | Reached ****** piety under Okawaru
 17632 | Lair:2   | Reached skill level 10 in Armour
 18332 | Lair:3   | Noticed a four-headed hydra
 18341 | Lair:3   | Received a gift from Okawaru
 18342 | Lair:3   | Reached XP level 13. HP: 98/116 MP: 18/18
 18531 | Lair:3   | Identified a scroll of acquirement
 18565 | Lair:3   | Found a staircase to the Swamp.
 18734 | Lair:3   | Found a snail-covered altar of Cheibriados.
 18825 | Lair:3   | Found a dark tunnel.
 18836 | Volcano  | Entered a volcano
 18949 | Volcano  | Noticed a red draconian
 18961 | Volcano  | Killed a red draconian
 19893 | Lair:4   | Noticed Nessos
 20251 | D:12     | Received a gift from Okawaru
 20558 | D:12     | Found a staircase to the Orcish Mines.
 20779 | Orc:1    | Entered Level 1 of the Orcish Mines
 20787 | Orc:1    | Noticed an orc warlord
 20980 | D:12     | Killed an orc warlord
 21678 | Orc:2    | Entered Level 2 of the Orcish Mines
 21753 | Orc:2    | Paralysed by an orc sorcerer for 4 turns
 21791 | Orc:2    | Received a gift from Okawaru
 22182 | Orc:2    | Found a staircase to the Elven Halls.
 22204 | Orc:2    | Reached XP level 14. HP: 127/127 MP: 20/20
 22609 | Orc:2    | HP: 3/127 [orc knight/bolt (15)]
 23207 | D:13     | Reached skill level 10 in Invocations
 23447 | D:13     | Received a gift from Okawaru
 24047 | D:14     | Received a gift from Okawaru
 24078 | D:14     | Found a runed translucent door.
 24217 | D:14     | Received a gift from Okawaru
 24551 | D:14     | Identified the +2 pair of gloves of Wiru {Harm rCorr MP-9}
                  | (Okawaru gifted it to you on level 14 of the Dungeon)
 24551 | D:14     | Received a gift from Okawaru
 24619 | D:14     | Noticed Kirke
 24664 | D:14     | Killed Kirke
 25121 | D:14     | Found a gate to the Vaults.
 25330 | D:15     | Entered Level 15 of the Dungeon
 25737 | D:15     | Found a staircase to the Depths.
 25754 | D:15     | Reached XP level 15. HP: 101/137 MP: 22/22
 25926 | D:15     | Reached skill level 1 in Shields
 26288 | D:15     | Identified the +1 scale mail "Kotsiul" {Rampage Dex+2}
 26568 | D:15     | Reached skill level 5 in Shields
 27118 | Orc:2    | Found Qeom Tei's Antique Armour Boutique.
 27118 | Orc:2    | Found Umetonwe's Antique Armour Shoppe.
 27120 | Orc:2    | Found Hoysmen's Assorted Antiques.
 27122 | Orc:2    | Found Bompya Eweu's Jewellery Shop.
 27470 | Lair:4   | Identified the +0 chain mail of the Wumpus {Drain rF++
                  | Dex+7} (Okawaru gifted it to you on level 4 of the Lair of
                  | Beasts)
 27470 | Lair:4   | Received a gift from Okawaru
 27659 | Lair:4   | Found a staircase to the Snake Pit.
 27666 | Lair:4   | Killed Nessos
 28524 | Lair:5   | You fall into a shaft and drop 1 floor!
 28524 | Lair:6   | Entered Level 6 of the Lair of Beasts
 28635 | Lair:5   | Reached skill level 10 in Shields
 28704 | Lair:5   | Noticed Sonja
 28981 | Lair:5   | Found a gate leading to a gauntlet.
 28990 | Gauntlet | Entered a Gauntlet
 28990 | Gauntlet | Found a transporter.
 28990 | Gauntlet | Found a transporter.
 28999 | Gauntlet | Found a transporter.
 29003 | Gauntlet | Found a transporter.
 29018 | Gauntlet | Found a transporter.
 29021 | Gauntlet | Found a transporter.
 29035 | Gauntlet | Found a transporter.
 29051 | Gauntlet | Found a transporter.
 29056 | Gauntlet | Found a transporter.
 29075 | Gauntlet | Found a transporter.
 29091 | Gauntlet | Found a transporter.
 29092 | Gauntlet | Found a transporter.
 29377 | Gauntlet | Identified the +0 pair of boots of Nihilism {MP+9 Str-4
                  | Dex+4}
 29404 | Gauntlet | Identified the +1 plate armour of Zaoriger {rPois rC+ MP+9
                  | Stlth+}
 29722 | Lair:5   | Killed Sonja
 29863 | Lair:4   | Received a gift from Okawaru
 30261 | Lair:6   | Identified the +1 whip of Conscience {drain, Dex+2}
 30284 | Lair:6   | Received a gift from Okawaru
 30285 | Lair:6   | Reached XP level 16. HP: 124/145 MP: 23/23
 30880 | Lair:6   | Reached skill level 15 in Shields
 31376 | Lair:6   | Identified the +1 plate armour of Squeaky Salvation {Int+3}
 31544 | Lair:6   | Found a staircase to the Slime Pits.
 31792 | D:9      | Bought a potion of curing for 33 gold pieces
 31792 | D:9      | Bought a potion of ambrosia for 88 gold pieces
 31792 | D:9      | Bought a potion of might for 44 gold pieces
 31792 | D:9      | Bought a potion of mutation for 88 gold pieces
 31792 | D:9      | Bought a potion of haste for 110 gold pieces
 31802 | D:9      | Bought a potion of cancellation for 88 gold pieces
 31943 | Snake:1  | Entered Level 1 of the Snake Pit
 32545 | Snake:1  | You fall into a shaft and drop 1 floor!
 32585 | Snake:2  | Received a gift from Okawaru
 33119 | Snake:2  | Found Deqauc's Antique Armour Boutique.
 33119 | Snake:2  | Found Acko's Assorted Antiques.
 33221 | Snake:2  | Received a gift from Okawaru
 33627 | Snake:2  | Identified the +3 pair of gloves "Sadghiez" {*Slow rElec
                  | rCorr SInv} (Okawaru gifted it to you on level 2 of the
                  | Snake Pit)
 33627 | Snake:2  | Received a gift from Okawaru
 33804 | Snake:2  | Noticed Vashnia
 33824 | Arena    | Entered the Arena
 33837 | Arena    | Killed Vashnia
 34455 | Snake:1  | Found Nuzxocin's Book Shop.
 34456 | Snake:1  | Found Miyhoim's Jewellery Shoppe.
 34457 | Snake:1  | Found Veodim's Book Shop.
 35630 | Snake:1  | Reached XP level 17. HP: 104/154 MP: 24/24
 36019 | Snake:1  | Found Bugaaso's Assorted Antiques.
 36575 | Snake:2  | Identified the +6 hand axe of Termination {flame, Fly MP-9
                  | Str+9 Int-5}
 36756 | Snake:3  | Identified Roxanne's Tome of Transmigration
 36756 | Snake:3  | Noticed Roxanne
 36786 | Snake:3  | Killed Roxanne
 37558 | Snake:3  | Received a gift from Okawaru
 37733 | Snake:3  | Found Okluhigu's Gadget Gallery.
 37752 | Snake:3  | Reached skill level 15 in Fighting
 37977 | Snake:3  | Noticed Mlioglotl
 37980 | Arena    | Entered the Arena
 37995 | Arena    | Killed Mlioglotl
 38840 | Snake:4  | Entered Level 4 of the Snake Pit
 39063 | Snake:4  | Received a gift from Okawaru
 42118 | Snake:4  | Noticed Asterion
 42135 | Arena    | Entered the Arena
 42145 | Arena    | Killed Asterion
 42146 | Arena    | Reached skill level 15 in Armour
 42923 | Snake:4  | Got a serpentine rune of Zot
 43086 | Snake:2  | Bought a smouldering plate armour for 840 gold pieces
 43086 | Snake:2  | Identified the +4 plate armour of the Lotus Blossom {Dex+2}
                  | (You bought it in a shop on level 2 of the Snake Pit)
 43751 | D:4      | Killed Terracrafty's ghost
 43752 | D:4      | Reached XP level 18. HP: 166/166 MP: 26/26
 44476 | Vaults:1 | Entered Level 1 of the Vaults
 44655 | Vaults:1 | Reached skill level 15 in Dodging
 44911 | Vaults:1 | Received a gift from Okawaru
 45034 | Lair:1   | Acquired the amulet "Ahats" {RegenMP Regen+ MP+9 Stlth+}
 45281 | Vaults:1 | You fall into a shaft and drop 1 floor!
 45555 | Vaults:2 | Identified the +2 robe of Vomawidi {Rampage Int+2} (Okawaru
                  | gifted it to you on level 2 of the Vaults)
 45555 | Vaults:2 | Received a gift from Okawaru
 46531 | Vaults:1 | Found Xulax's Assorted Antiques.
 46667 | Vaults:1 | Noticed Saint Roka
 46698 | Vaults:1 | Killed Saint Roka
 47133 | Vaults:1 | Identified the +0 crystal plate armour of Vampiric Thralls
                  | {Will- Str+10 Int-3 Stlth+} (Okawaru gifted it to you on
                  | level 1 of the Vaults)
 47133 | Vaults:1 | Received a gift from Okawaru
 47199 | Vaults:1 | Reached XP level 19. HP: 109/177 MP: 28/28
 47494 | Arena    | Entered the Arena
 47494 | Arena    | Demolished by a vault warden

Illustrated notes

Levels and vault maps discovered:
D:1:      dpeg_arrival_pits, layout_basic
D:2:      layout_basic, basic_ecumenical_altar, minmay_misc_feat_roman,
          glass_columns_a, hex_tiny, uniq_sigmund
D:3:      layout_basic, mainiacjoe_overflow_chevrons,
          kennysheep_okawaru_gauntlet, serial_undead, serial_undead_e,
          serial_undead_a, serial_undead_e, serial_undead_e
D:4:      layout_cave_pools, lemuel_zombie_altar_kikubaaqudgha,
          minmay_temple_entry_junction, ebering_ghost_gozag,
          minmay_shop_damaged, uniq_edmund
D:5:      layout_loops_ring, nicolae_uskayaw_suspiria, enter_ossuary_4,
          serial_aquarium, aquarium_bridge_long_joined
          [aquarium_subvault_bridge, aquarium_subvault_balcony,
          aquarium_subvault_bridge, aquarium_subvault_wall,
          aquarium_subvault_bridge, aquarium_subvault_wall], aquarium_window_2,
          aquarium_window_1, aquarium_window_2, aquarium_window_fake,
          aquarium_view_2c, aquarium_view_2f, aquarium_balcony_3b,
          minmay_misc_feat_four_crosses, serial_bayou_ford_a,
          chequers_serial_rivers_room_b, minivault_27
D:6:      layout_gridville, nicolae_elemental_shop, solitary_fountain,
          serial_bayou_lake_a
D:7:      layout_basic, columned_hall_lemuel, uniq_harold
D:8:      layout_loops_ring, uniq_maggie, uniq_grum
D:9:      kennysheep_kobold_camp, layout_rooms, grunt_temple_overflow_open,
          serial_shops, nicolae_shop_hallway_stairs
D:10:     minmay_spotlight, layout_cave_pools, serial_park, serial_park_square2,
          serial_park_tiny_2, serial_park_tiny_1, serial_park_tiny_pond,
          serial_park_tiny_pond, minivault_13, uniq_joseph
D:11:     layout_long_grid, minmay_lair_entry_grove, serial_shops,
          nicolae_lakefront_shop, portal_ice_cave_entry_pillars_2, uniq_fannar
D:12:     layout_loops_ring
D:13:     layout_roguey
D:14:     layout_roguey, david_vaults_1, hangedman_decor_cross_pass,
          minmay_crystal_box, uniq_kirke
D:15:     gammafunk_depths_entry_grave, layout_irregular_city,
          minmay_misc_feat_tiny
Temple:   regret_index_temple_waves
Lair:1:   gammafunk_cloud_chamber, layout_gridlike
Lair:2:   beast_lair_carwin_large_1, layout_long_grid,
          chequers_serial_rivers_room_b, chequers_serial_rivers_micro_d,
          serial_bayou_shore_a
Lair:3:   layout_chaotic_city, minmay_swamp_entry_worms,
          nicolae_volcano_entry_batcave, kennysheep_snail_temple,
          lemuel_fruit_fields
Lair:4:   layout_long_grid, minmay_snake_entry_guardpost_small,
          grunt_megastairs_4, uniq_nessos
Lair:5:   layout_small_grid, gauntlet_entry_generic, minmay_lair_drake_nest,
          uniq_sonja
Lair:6:   grunt_lair_end_beastmaster, layout_cave_pods,
          minmay_slime_entry_oklob_open, lemuel_fruit_tree
Snake:1:  layout_chambers, serial_shops, shop, grunt_megastairs_2,
          minmay_shop_grove, serial_bayou_shore_b
Snake:2:  nrook_guardian_serpent_snake_passage, layout_cave_shapes,
          serial_bayou_shore_b, minmay_shoptagon, uniq_vashnia
Snake:3:  layout_onion, nicolae_shop_gadgets, uniq_mlioglotl, uniq_roxanne
Snake:4:  snake_pit_salamanders_mu, layout_gridlike, uniq_asterion
Orc:1:    layout_caves
Orc:2:    st_orc_rangers, layout_diamond_mine
Vaults:1: nicolae_vaults_little_squares_2, st_squares, grunt_vaults_diagonal,
          nicolae_vaults_little_squares_1, v_misc_24, grunt_vaults_swirl,
          serial_ice_h, vaults_dpeg_diagonal, nicolae_vaults_big_ls,
          vaults_standard_mumra_x, layout_vaults_omnigrid, serial_shops,
          nicolae_shop_behind_doors, uniq_saint_roka
Vaults:2: vaults_dpeg_ring, hangedman_vaults_nails,
          nicolae_vaults_network_quinsquares
          [nicolae_vaults_network_quincunx_subvault,
          nicolae_vaults_network_quincunx_subvault,
          nicolae_vaults_network_quincunx_subvault,
          nicolae_vaults_network_quincunx_subvault], ontoclasm_vaults_eye,
          hangedman_vaults_slither, v_misc_12, nicolae_vaults_angled_halls,
          minmay_crypt_entry_simple_corners, hangedman_vaults_hat,
          nicolae_vaults_theta, layout_vaults_omnicross, serial_shops,
          shop_statue
Arena

Skill      XL: |  1  2  3  4  5  6  7  8  9 10 11 12 13 14 15 16 17 18 19 |
---------------+----------------------------------------------------------+-----
Axes           | 4 5 6 7 9 10 12 13 15 17 18 | 18.0
Fighting       | 4 5 6 7 9 10 11 12 13 14 15 17 | 17.2
Dodging        | 4 5 6 7 8 9 10 11 12 13 14 15 16 | 16.0
Invocations    | 1 2 4 5 6 7 8 9 10 11 13 14 | 14.1
Armour         | 1 2 4 6 7 8 10 11 12 13 15 16 | 16.5
Evocations     | 1 3 |  3.4
Crossbows      | 3 4 |  4.4
Shields        | 13 16 17 18 | 18.4
Stealth        | |  1.5

Action                   |  1- 3 |  4- 6 |  7- 9 | 10-12 | 13-15 | 16-18 | 19-21 || total
-------------------------+-------+-------+-------+-------+-------+-------+-------++-------
Melee: Hand axe          |   104 |   125 |   325 |    49 |       |       |       ||   603
       Headbutt          |    16 |    14 |    68 |   114 |   285 |   468 |    13 ||   978
       Dagger            |       |    10 |       |       |       |       |       ||    10
       Punch             |       |     3 |     9 |     8 |     7 |       |       ||    27
       War axe           |       |       |    16 |   437 |    27 |     8 |       ||   488
       Broad axe         |       |       |       |   149 |  1037 |  1546 |    47 ||  2779
 Fire: Hand crossbow     |       |       |       |     5 |     8 |    26 |       ||    39
Throw: Stone             |       |     6 |     3 |       |       |       |       ||     9
       Dart              |       |     2 |       |     5 |       |     4 |       ||    11
Invok: Heroism           |       |     4 |     5 |     3 |     1 |     2 |       ||    15
       Finesse           |       |       |     3 |     6 |     4 |     7 |       ||    20
       Duel              |       |       |       |       |       |     3 |     1 ||     4
Evoke: Wand              |       |     2 |     1 |     2 |     2 |     1 |       ||     8
  Use: Scroll            |       |     7 |     5 |     6 |    10 |     6 |       ||    34
       Potion            |       |     1 |     3 |     1 |     3 |    10 |       ||    18
 Stab: Sleeping          |       |     1 |       |       |       |       |       ||     1
       Petrifying        |       |       |       |       |     1 |     3 |       ||     4
       Petrified         |       |       |       |       |       |    13 |       ||    13
Armor: Robe              |     9 |       |       |       |       |       |       ||     9
       Leather armour    |    13 |    21 |       |       |       |       |       ||    34
       Ring mail         |       |    18 |    74 |       |       |       |       ||    92
       Scale mail        |       |       |    38 |   364 |   220 |       |       ||   622
       Skin              |       |       |     6 |       |       |       |       ||     6
       Steam dragon scal |       |       |    18 |       |       |       |       ||    18
       Chain mail        |       |       |       |       |    62 |       |       ||    62
       Plate armour      |       |       |       |       |    17 |   427 |    14 ||   458
Dodge: Dodged            |    82 |    83 |   230 |   422 |   759 |   485 |    25 ||  2086
Block: Kite shield       |       |       |       |       |   182 |   899 |    44 ||  1125
       Reflection        |       |       |       |       |    14 |    77 |     1 ||    92
